Map: Acropolis LE

Players

Mez

  • Race: Terran Terran
  • League: Master
  • Spawn Location: 5:00

A.I. 1 (Very Easy) - Winner!

  • Race: Zerg Zerg
  • Spawn Location: 11:00

VOD

Have the link to the VOD?

Description

Time

  • Played on: Aug. 18, 2019, 4:12 p.m.
  • Length: 5:01
Show
View Real Time Build Order
Export as new Build Order

Mez Terran 

Build Orders: Reaper Expand 

Get SALT Encoding   

  12  0:01  SCV  
  13  0:13  SCV  
  14  0:17  Supply Depot  
  14  0:25  SCV  
  15  0:39  SCV  
  15  0:41  Barracks  
  16  0:46  Refinery  
  16  0:51  SCV  
  17  1:03  SCV  
  18  1:15  SCV  
  19  1:30  Reaper, Orbital Command  
  20  1:39  Command Center  
  20  1:48  Supply Depot  
  20  1:56  SCV  
  21  2:02  Marine  
  22  2:08  SCV  
  22  2:12  Factory  
  23  2:19  Refinery  
  23  2:20  SCV  
  24  2:24  Barracks Reactor  
  24  2:32  SCV  
  25  2:45  SCV  
  26  2:52  Orbital Command  
  26  2:59  Starport  
  26  3:06  SCV  
  26  3:09  Hellion x2  
  26  3:11  Barracks Tech Lab  
  31  3:18  SCV  
  31  3:19  SCV  
  33  3:30  SCV  
  33  3:31  Hellion x2, SCV  
  33  3:33  Supply Depot  
  39  3:36  Viking  
  39  3:38  Marine  
  42  3:44  SCV  
  42  3:46  SCV  
  44  3:56  SCV, Supply Depot  
  44  3:58  SCV, Marine  
  47  4:07  Barracks  
  47  4:08  Barracks  
  47  4:11  Factory Reactor  
  47  4:12  Starport Reactor  
  47  4:13  SCV  
  47  4:14  SCV  
  47  4:16  Marine  
  50  4:26  SCV x2  
  52  4:34  Command Center  
  52  4:38  SCV, Marine  
  54  4:45  SCV  
  60  4:54  Factory Tech Lab  
Show
View Real Time Build Order
Export as new Build Order

A.I. 1 (Very Easy) Zerg - Winner!

Build Orders: Pool Only 

Get SALT Encoding   

  12  0:00  Drone  
  13  0:12  Overlord  
  13  0:16  Drone  
  14  0:34  Spawning Pool  
  13  0:37  Drone  
  13  0:40  Extractor  
  13  0:44  Drone  
  14  0:52  Overlord  
  14  1:21  Zergling x2  
  14  1:22  Queen  
  17  1:30  Roach Warren  
  16  1:33  Drone  
  16  1:37  Extractor  
  16  1:41  Drone  
  16  1:42  Zergling x2  
  18  1:54  Drone  
  19  2:03  Zergling x2  
  19  2:05  Drone  
  21  2:16  Drone  
  22  2:27  Drone  
  22  2:29  Overlord  
  23  2:34  Drone  
  24  2:41  Drone  
Tags
 
Add a new tag
Caveats
  • Supply blocks, unpowered buildings, or Contaminate may cause inaccurate times.
  • Supply counts are checked every 10 seconds.